 Dungeon Crawl Stone Soup version 0.20.1-1-g8b1a95d (webtiles) character file.

5969 Phantomfrettchen the Ducker (level 10, -7/76 HPs)
             Began as a Demonspawn Chaos Knight on Oct 2, 2017.
             Mangled by an elephant (16 damage)
             ... on level 9 of the Dungeon.
             The game lasted 01:03:06 (8351 turns).

Phantomfrettchen the Ducker (DsCK)                  Turns: 8351, Time: 01:03:08

Health: -7/76      AC: 16    Str: 19    XL:     10   Next: 55%
Magic:  14/14      EV: 15    Int: 14    God:    Xom [....*.]
Gold:   113        SH:  5    Dex: 20    Spells: 13/14 levels left

rFire    . . .     SeeInvis +   x - +4 mace of Doom {venom, rPois rN+ SInv}
rCold    + . .     Gourm    +   X - +0 buckler
rNeg     + . .     Faith    .   G - +1 ring mail of the Ward {+Inv} (curse)
rPois    +         Spirit   .   D - +1 hat
rElec    .         Reflect  .   F - +1 cloak
rCorr    +         Harm     .   d - +2 pair of gloves
MR       .....     Rnd*Tele +   (no boots)
Stlth    ++........             f - amulet of the gourmand
Regen    0.3/turn               E - ring of poison resistance
MPRegen  0.2/turn               V - ring of resist corrosion

@: mighty
A: claws 1, hooves 1, molten scales 2, agile 2, cold resistance 1, strong 1,
teleportitis 1, wild magic 1
a: Renounce Religion, Evoke Invisibility


You were on level 9 of the Dungeon.
You worshipped Xom.
You were a beloved toy of Xom.
You were very full.

You visited 1 branch of the dungeon, and saw 9 of its levels.
You also visited: Ossuary.

You collected 463 gold pieces.
You spent 350 gold pieces at shops.

Inventory:

Hand Weapons
 m - a +4 dagger of venom
 x - the +4 mace of Doom (weapon) {venom, rPois rN+ SInv}
   (You found it on level 7 of the Dungeon)

   It poisons the flesh of those it strikes.
   It protects you from poison.
   It protects you from negative energy.
   It lets you see invisible.
 z - a +0 shortbow
 T - a +0 shortbow
Missiles
 h - 171 arrows
 n - 148 stones
 o - 38 poisoned needles
 u - 2 exploding tomahawks
 A - 21 tomahawks (quivered)
 C - 60 bolts
Armour
 a - a +3 leather armour
 d - a +2 pair of gloves (worn)
 i - a +0 shield
 y - a +0 large shield
 D - a +1 hat (worn)
 F - a +1 cloak (worn)
 G - the cursed +1 ring mail of the Ward (worn) {+Inv}
   (You found it on level 5 of the Dungeon)

   It lets you turn invisible.
   It has a curse placed upon it.
 X - a +0 buckler (worn)
Magical Staves
 W - an uncursed staff of conjuration
Jewellery
 f - an amulet of the gourmand (around neck)
 E - a ring of poison resistance (left hand)
 K - an uncursed ring of poison resistance
 V - a ring of resist corrosion (right hand)
Wands
 r - a wand of enslavement (14/24)
 t - a wand of acid (1/15)
 B - a wand of clouds (3/9)
 N - a wand of polymorph (10/24)
 U - a wand of disintegration (4/24)
Scrolls
 c - a scroll of fear
 j - 6 scrolls of teleportation
 l - a scroll of blinking {unknown}
 q - 4 scrolls of enchant weapon
 w - 2 scrolls of amnesia
 L - 2 scrolls of recharging
 M - 5 scrolls of remove curse
 O - a scroll of torment {unknown}
 P - a scroll of fog
 Q - a scroll of immolation
 Y - 2 scrolls of magic mapping
Potions
 p - a potion of flight {unknown}
 v - a potion of resistance
 H - a potion of agility {unknown}
 I - a potion of degeneration {unknown}
 Z - a potion of might
Books
 e - a book of Callings

   Spells                             Type                      Level
   a - Summon Small Mammal            Summoning                    1
   b - Call Imp                       Summoning                    2
   c - Call Canine Familiar           Summoning                    3
   d - Summon Guardian Golem          Hexes/Summoning              3
   e - Summon Lightning Spire         Summoning/Air                4
   f - Summon Ice Beast               Ice/Summoning                4
 s - a book of Changes

   Spells                             Type                      Level
   a - Beastly Appendage              Transmutation                1
   b - Sticks to Snakes               Transmutation                2
   c - Spider Form                    Transmutation/Poison         3
   d - Ice Form                       Ice/Transmutation            4
   e - Blade Hands                    Transmutation                5
Comestibles
 b - 6 bread rations
 g - 5 fruits
 k - 5 meat rations
 J - 3 chunks of flesh
 S - a royal jelly


   Skills:
 + Level 5.7 Fighting
 - Level 5.5 Short Blades
 * Level 4.2 Maces & Flails
 + Level 4.2 Throwing
 - Level 5.3 Armour
 - Level 6.1 Dodging
 - Level 2.1 Stealth
 * Level 2.7 Shields
 * Level 4.3 Unarmed Combat
 * Level 2.9 Spellcasting
 * Level 2.1 Transmutations
 - Level 4.0 Evocations


You had 13 spell levels left.
You knew the following spells:

 Your Spells              Type           Power        Failure   Level  Hunger
a - Beastly Appendage     Tmut           ##....       24%         1    #......


Dungeon Overview and Level Annotations

Branches:
Dungeon (9/15)             Temple (0/1) D:4
   Lair: D:8-11         Orc: D:9-12

Altars:
Kikubaaqudgha
Trog
Uskayaw
Xom
Zin

Shops:
D:6 :   D:8 *

Annotations:
D:3 Phantomfrettchen's ghost, amateur DsCK


Innate Abilities, Weirdness & Mutations

You are mostly covered in molten scales. (AC +3)
Your flesh is cold resistant. (rC+)
You have sharp fingernails.
You have large cloven feet.
You are very agile. (Dex +4)
Your muscles are strong. (Str +2)
You are occasionally teleported next to monsters.
Your spells are a little harder to cast, but a little more powerful.


Message History

You block the hippogriff's attack. The hippogriff completely misses you.
The elephant tramples you but does no damage.
The elephant barely misses you.
The hippogriff bites you but does no damage.
The hippogriff pecks you but does no damage.
The hippogriff claws you.
* * * LOW HITPOINT WARNING * * *
You block the jelly's attack.
You bludgeon the hippogriff!!
You kill the hippogriff!
The elephant misses you. You block the elephant's attack.
The jelly closely misses you.
You sock the elephant!
The elephant looks as sick as possible!
You kick the elephant.
The elephant is almost dead.
The elephant tramples you!
* * * LOW HITPOINT WARNING * * *
You stumble backwards!
The jelly hits you but does no damage. The elephant tramples you!
You die...

####..##[.####..##..#####.#.≈.
#...........#...#.........#..≈
+...(...[...#...#.........##..
##..####.######.########..##..
##..####+##.###.###..###+.#...
#........†....#.............⌠.
...+........#†.†.#.........÷.....
l(...%......#..YJ#..........#....
h..##+###...##..@#..........#....
###+##..##..##..##..##..#
#..######).######### +....
#.>.#........ #.....
#...#........ ##>.# #...###'##...
#..# #...##..##... ...
##........... #..#...##..#


You could see an elephant and a jelly.

Vanquished Creatures
  A cyclops (D:8)
  4 hippogriffs
  Sigmund (D:4)
  Edmund (D:9)
  A water moccasin (shapeshifter) (D:8)
  2 sky beasts
  3 orc warriors
  Duvessa (D:4)
  3 ice beasts
  4 ogres
  A phantom (D:5)
  2 necrophages
  3 centaurs (D:8)
  A crocodile (D:9)
  6 bullfrogs
  Dowan (D:4)
  7 scorpions (Ossuary)
  6 killer bees (D:8)
  2 howler monkeys
  2 crimson imps (D:6)
  A bullfrog zombie (D:8)
  2 centaur skeletons
  2 hounds
  3 jellies
  4 human zombies (Ossuary)
  3 orc priests
  7 orc wizards
  5 worker ants
  An iguana (D:7)
  A killer bee zombie (D:7)
  2 big kobold zombies (Ossuary)
  3 mummies (Ossuary)
  3 worker ant zombies
  12 adders
  A howler monkey skeleton (D:8)
  2 scorpion zombies (Ossuary)
  A shadow imp (D:6)
  2 oozes
  3 worms
  A dart slug (D:1)
  6 leopard geckos
  33 orcs
  A giant cockroach (D:4)
  7 goblins
  7 hobgoblins
  11 jackals
  10 kobolds
  2 quokkas
  2 ball pythons
  6 bats
  6 frilled lizards
  3 hobgoblin zombies (Ossuary)
  2 kobold zombies (Ossuary)
  A leopard gecko zombie (D:6)
  An orc zombie (Ossuary)
  A quokka zombie (D:5)
  7 rats
  A rat zombie (D:5)
  A butterfly (D:4)
  A plant (D:1)
220 creatures vanquished.

Vanquished Creatures (collateral kills)
  Pikel (D:4)
  The ghost of Ferinkoo the Basher, a novice MiFi (D:5)
  A sky beast (D:6)
  A slave (D:4)
  An ogre (D:5)
  An ooze (D:5)
  2 orcs (D:6)
8 creatures vanquished.

Vanquished Creatures (others)
  A troll (D:7)
  Menkaure (D:4)
  A slave (D:4)
  A scorpion (Ossuary)
  An orc wizard (D:4)
  A dart slug (D:2)
  An orc (D:4)
7 creatures vanquished.

Grand Total: 235 creatures vanquished

Notes
Turn   | Place    | Note
-------+----------+-------------------------------------------
     0 | D:1      | Phantomfrettchen the Demonspawn Chaos Knight began the quest for the Orb.
     0 | D:1      | Reached XP level 1. HP: 18/18 MP: 1/1
    46 | D:1      | XOM: harmless Pois miscast
   188 | D:1      | Reached skill level 1 in Dodging
   188 | D:1      | Gained mutation: You are partially covered in molten scales. (AC +2) [demonic ancestry]
   188 | D:1      | Reached XP level 2. HP: 21/24 MP: 2/2
   212 | D:1      | XOM: divination: detect creatures
   213 | D:1      | XOM: silly message
   244 | D:1      | XOM: harmless Air miscast
   246 | D:1      | XOM: silly message
   377 | D:1      | XOM: harmless Conj miscast
   483 | D:1      | Reached skill level 1 in Throwing
   671 | D:1      | Reached XP level 3. HP: 29/29 MP: 3/3
   884 | D:2      | XOM: destruction
  1020 | D:2      | Found a bloodstained altar of Trog.
  1513 | D:2      | XOM: cleaving
  1516 | D:2      | XOM: divination: detect creatures
  1523 | D:2      | HP: 1/29 [adder (3)]
  1526 | D:2      | Reached XP level 4. HP: 15/35 MP: 4/4
  1630 | D:2      | Reached skill level 1 in Stealth
  1715 | D:3      | XOM: cloud trail
  1812 | D:3      | XOM: 1-stop teleportation journey
  1824 | D:3      | Noticed Phantomfrettchen's ghost (amateur DsCK)
  1916 | D:3      | Found a bloodstained altar of Trog.
  2245 | D:3      | Reached XP level 5. HP: 41/41 MP: 5/5
  2285 | D:3      | XOM: cloud trail
  2346 | D:3      | XOM: scenery: create altars
  2361 | D:3      | Paralysed by something for 6 turns
  2488 | D:3      | XOM: give mutations
  2488 | D:3      | Gained mutation: Your mind is acute. (Int +2) [Xom's mischief]
  2488 | D:3      | Gained mutation: You occasionally shout uncontrollably at your foes. [Xom's mischief]
  2488 | D:3      | Lost mutation: Your mind is acute. (Int +2) [Xom's mischief]
  2488 | D:3      | Gained mutation: You have a pair of small horns on your head. [Xom's mischief]
  2603 | D:3      | Reached skill level 2 in Dodging
  2842 | D:4      | XOM: harmless Fire miscast
  2994 | D:4      | Noticed Sigmund
  2995 | D:4      | Noticed Duvessa
  2995 | D:4      | Noticed Dowan
  2995 | D:4      | XOM: enchant monster (good)
  3012 | D:4      | XOM: divination: detect items
  3015 | D:4      | XOM: fog
  3026 | D:4      | XOM: confuse monster(s)
  3048 | D:4      | Killed Duvessa
  3048 | D:4      | Gained mutation: Your flesh is cold resistant. (rC+) [demonic ancestry]
  3048 | D:4      | Reached XP level 6. HP: 26/47 MP: 6/6
  3201 | D:4      | Found a staircase to the Ecumenical Temple.
  3249 | D:4      | Noticed a slave
  3251 | D:4      | Noticed Pikel
  3252 | D:4      | Noticed a slave
  3252 | D:4      | XOM: scenery: create altars
  3254 | D:4      | XOM: scenery: create altars
  3264 | D:4      | XOM: summons 3 friendly demons
  3269 | D:4      | Noticed a slave
  3270 | D:4      | Killed a slave
  3280 | D:4      | Killed Pikel
  3280 | D:4      | Reached skill level 3 in Dodging
  3280 | D:4      | Reached XP level 7. HP: 26/52 MP: 7/7
  3335 | D:4      | Killed Dowan
  3335 | D:4      | Reached skill level 4 in Dodging
  3382 | D:4      | XOM: destruction
  3492 | D:4      | Lost mutation: You have a pair of small horns on your head. [potion of mutation]
  3492 | D:4      | Lost mutation: You occasionally shout uncontrollably at your foes. [potion of mutation]
  3492 | D:4      | Gained mutation: Your flesh is very cold resistant. (rC++) [potion of mutation]
  3492 | D:4      | Gained mutation: Your body sometimes deteriorates upon taking damage. [potion of mutation]
  3492 | D:4      | Gained mutation: You have a pair of small horns on your head. [potion of mutation]
  3493 | D:4      | XOM: confuse monster(s)
  3499 | D:4      | Killed Sigmund
  3602 | D:4      | Killed Menkaure
  3670 | D:4      | XOM: scenery: create altars
  3739 | D:4      | XOM: god gift: wand of clouds (?/9) {god gift}
  3791 | D:4      | Lost mutation: You have a pair of small horns on your head. [potion of mutation]
  3791 | D:4      | Lost mutation: Your body sometimes deteriorates upon taking damage. [potion of mutation]
  3791 | D:4      | Lost mutation: Your flesh is very cold resistant. (rC++) [potion of mutation]
  3791 | D:4      | Gained mutation: Your spells are a little harder to cast, but a little more powerful. [potion of mutation]
  3791 | D:4      | Gained mutation: Your spells are harder to cast, but more powerful. [potion of mutation]
  3791 | D:4      | Gained mutation: You possess an exceptional clarity of mind. [potion of mutation]
  3791 | D:4      | Gained mutation: Your spells are much harder to cast, but much more powerful. [potion of mutation]
  3928 | D:4      | XOM: harmless Erth miscast
  3974 | D:5      | Entered Level 5 of the Dungeon
  3989 | D:5      | Found a hide-covered altar of Uskayaw.
  4021 | D:5      | XOM: cast spell 'Summon Ice Beast'
  4044 | D:5      | Got a crude ring mail
  4074 | D:5      | Reached skill level 5 in Dodging
  4082 | D:5      | Found a sand-covered staircase.
  4098 | D:5      | XOM: divination: detect creatures
  4272 | Ossuary  | XOM: noise
  4272 | Ossuary  | Entered an ossuary
  4404 | Ossuary  | Reached XP level 8. HP: 51/58 MP: 8/8
  4436 | Ossuary  | XOM: silly message
  4549 | Ossuary  | Identified the cursed +1 ring mail of the Ward {+Inv} (You found it on level 5 of the Dungeon)
  4597 | Ossuary  | Reached skill level 1 in Short Blades
  4614 | Ossuary  | XOM: noise
  4626 | Ossuary  | Reached skill level 6 in Dodging
  4682 | Ossuary  | Lost mutation: Your spells are much harder to cast, but much more powerful. [potion of mutation]
  4682 | Ossuary  | Lost mutation: You possess an exceptional clarity of mind. [potion of mutation]
  4682 | Ossuary  | Lost mutation: Your spells are harder to cast, but more powerful. [potion of mutation]
  4682 | Ossuary  | Gained mutation: You have large cloven feet. [potion of mutation]
  4682 | Ossuary  | Gained mutation: You are mostly covered in molten scales. (AC +3) [potion of mutation]
  4682 | Ossuary  | Gained mutation: Scrolls take you a little longer to read. [potion of mutation]
  4682 | Ossuary  | Gained mutation: Your muscles are strong. (Str +2) [potion of mutation]
  4813 | Ossuary  | Reached skill level 1 in Evocations
  5096 | D:5      | Noticed Ferinkoo's ghost (novice MiFi)
  5111 | D:5      | XOM: chaos upgrade
  5121 | D:5      | XOM: cast spell 'Summon Dragon'
  5122 | D:5      | XOM: polymorph fire dragon -> alligator
  5127 | D:5      | Killed Ferinkoo's ghost
  5127 | D:5      | Reached skill level 5 in Armour
  5380 | D:6      | Noticed Edmund
  5383 | D:6      | XOM: chaos cloud
  5392 | D:6      | XOM: swap monsters
  5439 | D:6      | XOM: chaos upgrade
  5443 | D:6      | XOM: summons 7 friendly demons
  5466 | D:6      | XOM: summons 8 friendly demons
  5512 | D:6      | Gained mutation: You have sharp fingernails. [mutagenic meat]
  5513 | D:6      | Gained mutation: You are agile. (Dex +2) [mutagenic meat]
  5514 | D:6      | Gained mutation: You are occasionally teleported next to monsters. [mutagenic meat]
  5560 | D:6      | XOM: divination: detect items
  5580 | D:6      | Found Ihorr's Book Shop.
  5607 | D:6      | XOM: swap monsters
  5617 | D:6      | Reached XP level 9. HP: 34/66 MP: 11/11
  5617 | D:6      | XOM: harmless Chrm miscast
  5619 | D:6      | XOM: harmless Ice miscast
  5702 | D:6      | XOM: 1-stop teleportation journey
  6031 | D:6      | XOM: 2-stop teleportation journey
  6038 | D:6      | XOM: summons 1 hostile demon
  6075 | D:6      | XOM: summons 1 hostile demon
  6376 | D:7      | XOM: noise
  6450 | D:7      | Reached skill level 5 in Short Blades
  6486 | D:7      | Reached skill level 5 in Fighting
  6592 | D:7      | XOM: confusion
  6612 | D:7      | XOM: medium Ice miscast
  6694 | D:7      | Noticed a troll
  6697 | D:7      | XOM: confuse monster(s)
  6698 | D:7      | Killed a troll
  6698 | D:7      | XOM: divine lightning
  6723 | D:7      | Reached skill level 1 in Spellcasting
  6784 | D:6      | Bought a book of Changes for 350 gold pieces
  6786 | D:6      | Learned a level 1 spell: Beastly Appendage
  6866 | D:7      | Got a bloodstained mace
  6874 | D:7      | Identified the +4 mace of Doom {venom, rPois rN+ SInv} (You found it on level 7 of the Dungeon)
  7136 | D:8      | XOM: summons 4 friendly demons
  7173 | D:8      | XOM: polymorph crimson imp -> shadow imp
  7190 | D:8      | Reached skill level 1 in Shields
  7224 | D:8      | Reached skill level 1 in Maces & Flails
  7311 | D:8      | XOM: noise
  7324 | D:8      | XOM: noise
  7334 | D:8      | Reached skill level 1 in Transmutations
  7427 | D:8      | XOM: swap monsters
  7432 | D:8      | XOM: divination: magic mapping
  7444 | D:8      | Mutation became permanent: You are partially covered in molten scales. (AC +2) [demonic ancestry]
  7444 | D:8      | Gained mutation: You are mostly covered in molten scales. (AC +3) [demonic ancestry]
  7444 | D:8      | Reached XP level 10. HP: 59/74 MP: 13/13
  7466 | D:8      | XOM: polymorph sky beast -> water moccasin
  7522 | D:8      | Lost mutation: Scrolls take you a little longer to read. [mutagenic meat]
  7524 | D:8      | Gained mutation: You are very agile. (Dex +4) [mutagenic meat]
  7544 | D:8      | Found Zin's Purification Station.
  7568 | D:8      | Noticed a cyclops
  7568 | D:8      | XOM: cleaving
  7570 | D:8      | HP: 3/74 [cyclops/large rock (29)]
  7572 | D:8      | XOM: divine lightning
  7573 | D:8      | XOM: swap monsters
  7577 | D:8      | Killed a cyclops
  7601 | D:8      | XOM: polymorph centaur -> ogre
  7619 | D:8      | XOM: polymorph orc wizard -> centaur
  7658 | D:8      | Found a glowing silver altar of Zin.
  7817 | D:8      | XOM: cloud trail
  7819 | D:8      | XOM: harmless Erth miscast
  8070 | D:9      | Found an ancient bone altar of Kikubaaqudgha.
  8122 | D:9      | Killed Edmund
  8313 | D:9      | Noticed an elephant
  8324 | D:9      | XOM: mild Conj miscast
  8338 | D:9      | XOM: scenery: 1 doors close
  8351 | D:9      | Mangled by an elephant

Skill      XL: |  1  2  3  4  5  6  7  8  9 10 |
---------------+-------------------------------+-----
Unarmed Combat | 3 4 |  4.3
Dodging        | 1 2 3 5 6 |  6.1
Armour         | 2 3 4 5 |  5.3
Throwing       | 1 2 3 4 |  4.2
Stealth        | 1 2 |  2.1
Short Blades   | 3 5 |  5.5
Evocations     | 3 4 |  4.0
Fighting       | 4 5 |  5.7
Spellcasting   | 2 |  2.9
Shields        | 1 2 |  2.7
Maces & Flails | 2 4 |  4.2
Transmutations | 1 2 |  2.1

Action                   |  1- 3 |  4- 6 |  7- 9 | 10-12 || total
-------------------------+-------+-------+-------+-------++-------
Melee: Unarmed           |   240 |   106 |       |       ||   346
       Punch             |     1 |     2 |    13 |       ||    16
       Headbutt          |       |     5 |     6 |       ||    11
       Dagger            |       |    61 |   526 |       ||   587
       Kick              |       |       |   133 |    44 ||   177
       Mace              |       |       |    71 |   113 ||   184
Throw: Tomahawk          |    37 |    68 |       |    46 ||   151
       Stone             |       |     4 |   114 |    14 ||   132
       Javelin           |       |    15 |    70 |       ||    85
Evoke: Wand              |       |       |     1 |       ||     1
  Use: Potion            |     2 |     4 |     3 |     6 ||    15
       Scroll            |       |    11 |     7 |     1 ||    19
  Eat: Chunk             |     2 |     6 |    21 |     6 ||    35
       Bread ration      |       |       |     1 |       ||     1
Armor: Leather armour    |    69 |    69 |    44 |       ||   182
       Skin              |       |    68 |       |       ||    68
       Ring mail         |       |       |   183 |    68 ||   251
Dodge: Dodged            |    94 |    80 |   397 |   126 ||   697
Block: Buckler           |       |       |    28 |    46 ||    74
